Map: Orbital Shipyard

Players

Solkrieg

  • Race: Protoss Protoss
  • League: Diamond

LindyHop - Winner!

  • Race: Zerg Zerg
  • League: Platinum

VOD

Have the link to the VOD?

Description

Time

  • Played on: Dec. 18, 2015, 3:40 p.m.
  • Length: 12:13
Show
View Real Time Build Order
Export as new Build Order

Solkrieg Protoss 

Build Orders: 1 Gate Expand 

Get SALT Encoding   

  12  0:01  Probe (Chrono Boost)  
  13  0:11  Probe (Chrono Boost)  
  14  0:22  Pylon  
  14  0:26  Probe (Chrono Boost)  
  15  0:42  Gateway  
  15  0:43  Probe (Chrono Boost)  
  16  0:54  Probe (Chrono Boost)  
  17  1:10  Nexus  
  17  1:18  Assimilator  
  17  1:29  Cybernetics Core  
  16  1:57  Zealot  
  18  2:03  Probe (Chrono Boost), Assimilator  
  19  2:13  Probe, Warp Gate (Chrono Boost)  
  20  2:24  Probe  
  21  2:34  Probe  
  22  2:39  Probe  
  22  2:44  Mothership Core  
  23  2:51  Probe  
  26  2:55  Adept  
  26  2:58  Pylon  
  28  3:03  Probe x2  
  30  3:10  Gateway  
  30  3:14  Probe  
  30  3:15  Probe  
  32  3:25  Robotics Facility  
  32  3:27  Probe  
  32  3:31  Probe  
  34  3:39  Probe  
  35  3:41  Gateway  
  35  3:42  Probe  
  36  4:00  Pylon  
  36  4:06  Gateway  
  36  4:07  Probe  
  37  4:12  Immortal (Chrono Boost)  
  41  4:18  Probe  
  42  4:25  Probe  
  42  4:28  Sentry  
  42  4:30  Adept  
  47  4:31  Robotics Bay  
  47  4:36  Probe  
  47  4:37  Probe  
  49  4:42  Pylon  
  49  4:46  Probe  
  49  4:48  Pylon  
  50  5:01  Adept x2  
  50  5:02  Adept  
  50  5:04  Stalker  
  58  5:08  Probe  
  58  5:10  Warp Prism (Chrono Boost)  
  61  5:22  Zealot x2  
  61  5:27  Zealot  
  67  5:33  Stalker  
  69  5:45  Probe  
  70  5:55  Pylon  
  70  6:01  Gravitic Drive  
  70  6:02  Pylon  
  70  6:03  Pylon  
  70  6:11  Probe  
  70  6:13  Disruptor (Chrono Boost)  
  74  6:20  Stalker  
  74  6:21  Stalker x2  
  80  6:26  Stalker  
  80  6:31  Probe  
  83  6:34  Assimilator  
  83  6:35  Assimilator  
  83  6:43  Probe  
  82  6:47  Nexus  
  56  7:22  Stalker x3  
  60  7:24  Stalker  
  60  7:25  Probe  
  65  7:36  Probe  
  66  7:46  Probe  
  67  7:52  Stalker x3  
  67  7:53  Stalker  
  75  8:01  Gateway x2  
  75  8:03  Gateway  
  75  8:04  Pylon  
  75  8:05  Pylon  
  70  8:29  Stalker x3  
  70  8:30  Stalker  
  78  8:40  Twilight Council  
  78  8:45  Gateway  
  78  8:47  Gateway  
  78  8:49  Gateway  
  78  8:50  Probe  
  78  8:52  Gateway  
  78  8:55  Pylon  
  79  8:57  Pylon  
  79  9:01  Stalker x3  
  79  9:02  Stalker x3  
  91  9:26  Blink (Chrono Boost)  
  91  9:29  Stalker x3  
  91  9:30  Stalker x2  
  101  9:31  Zealot  
  103  9:41  Disruptor  
  101  10:11  Stalker x3  
  101  10:12  Stalker  
  109  10:14  Stalker  
  109  10:17  Probe  
  112  10:27  Probe  
  112  10:34  Stalker x2  
  112  10:35  Stalker  
  119  10:52  Stalker x4  
  119  10:56  Stalker  
  129  11:01  Probe  
  128  11:08  Stalker x2  
  132  11:17  Zealot x4  
  129  11:47  Stalker x2  
  129  11:48  Stalker x2  
Show
View Real Time Build Order
Export as new Build Order

LindyHop Zerg - Winner!

Build Orders: Hatch First 

Get SALT Encoding   

  12  0:01  Drone  
  13  0:12  Overlord  
  13  0:20  Drone  
  14  0:30  Drone x2  
  14  0:34  Drone  
  17  0:53  Hatchery  
  16  1:03  Drone x2  
  18  1:08  Drone  
  18  1:09  Extractor  
  18  1:23  Spawning Pool  
  17  1:39  Drone x3  
  20  1:53  Overlord  
  19  2:10  Queen  
  19  2:12  Queen  
  23  2:16  Zergling x2  
  23  2:18  Metabolic Boost  
  23  2:20  Drone  
  25  2:35  Drone x4  
  29  2:43  Overlord  
  29  2:49  Zergling x2  
  30  2:57  Baneling Nest  
  29  3:09  Drone x3  
  29  3:10  Overlord  
  32  3:15  Zergling x2  
  33  3:29  Roach Warren  
  33  3:30  Drone x3  
  35  3:36  Drone x4  
  39  3:44  Drone x2  
  41  3:52  Lair  
  41  3:56  Evolution Chamber  
  40  4:08  Overlord x2  
  40  4:16  Extractor  
  39  4:22  Zerg Ground Armor Level 1  
  39  4:32  Hatchery  
  39  4:36  Drone x6, Extractor  
  39  4:37  Drone  
  44  4:41  Spore Crawler  
  44  4:42  Spore Crawler  
  44  4:45  Drone x3  
  45  4:48  Pneumatized Carapace  
  45  5:02  Drone  
  45  5:03  Drone x3  
  45  5:06  Drone x2  
  51  5:13  Queen  
  53  5:23  Spire  
  53  5:24  Extractor  
  51  5:30  Overlord x2  
  50  5:43  Roach x5  
  50  5:44  Roach x2  
  68  5:57  Overlord, Roach x4  
  72  6:07  Zergling x2  
  72  6:08  Zergling x8  
  77  6:16  Zergling x2  
  77  6:17  Zergling x12  
  84  6:25  Zergling x2  
  84  6:33  Zergling x2  
  84  6:34  Zergling x4  
  83  6:48  Zergling x8  
  83  6:50  Zergling x2  
  79  6:57  Zergling x2  
  79  6:59  Zergling x2  
  79  7:00  Zergling x2  
  71  7:10  Drone x3  
  71  7:14  Extractor x2  
  72  7:26  Queen  
  72  7:27  Mutalisk  
  72  7:28  Mutalisk x3  
  82  7:37  Mutalisk  
  82  7:38  Mutalisk x2  
  82  7:42  Drone  
  89  7:48  Hatchery  
  89  7:49  Mutalisk x2  
  89  7:50  Mutalisk  
  89  7:57  Mutalisk  
  91  8:00  Overlord x3  
  91  8:17  Drone  
  91  8:18  Drone x5  
  97  8:23  Mutalisk  
  97  8:24  Mutalisk  
  101  8:30  Drone x4  
  105  8:40  Drone  
  105  8:41  Drone  
  107  8:45  Drone  
  107  8:46  Drone x6  
  114  8:51  Drone  
  115  8:56  Zerg Missile Weapons Level 1  
  115  9:07  Drone x6  
  121  9:23  Hydralisk Den  
  120  9:30  Overlord x5  
  120  9:32  Roach  
  120  9:38  Hatchery  
  121  9:39  Evolution Chamber  
  120  9:58  Overlord x4  
  120  10:03  Muscular Augments  
  120  10:09  Hydralisk  
  120  10:10  Hydralisk x9  
  140  10:30  Overseer x2  
  140  10:31  Overseer x2  
  140  10:43  Zergling x2  
  140  10:44  Zergling x4  
  143  10:53  Glial Reconstitution  
  143  10:57  Hydralisk x3  
  143  10:58  Hydralisk x10  
  169  11:17  Roach x9  
  187  11:35  Hydralisk  
  187  11:36  Hydralisk x5  
Tags
 
Add a new tag
Caveats
  • Supply blocks, unpowered buildings, or Contaminate may cause inaccurate times.
  • Supply counts are checked every 10 seconds.